Unix NetHack Version 3.7.0-53 Work-in-progress - last build Apr 18 2022 03:42:42 (02b85442fffe0e2954e411e09df771b56fe27bbc,branch:master). Game began 2022-04-20 12:27:44, ended 2022-04-22 12:39:47. Anerag, chaotic male human Monk ----- 5 5 .4.| ---------11-- ---- |.......|...-- --.... 5|a...:..|1.5.---...... |...@..a)&a..A-........ |.a@aa..|.1..---........ |a..a...|411-- --.......-- 5---------..-- ----|---- .11 ...| |...------- ----- |..%......|. -------...-- |....- ---.. |. - Anerag the Student of Fire St:18/07 Dx:23 Co:18 In:22 Wi:22 Ch:12 Chaotic Astral Plane $:0 HP:196(196) Pw:129(153) AC:-39 Exp:26 T:38710 Satiated Latest messages: Famine moves the Angel of Chih Sung-tzu out of the way! The guardian Angel of Huan Ti swings her long sword at the Angel of Chih Sung-tzu. The guardian Angel of Huan Ti hits the Angel of Chih Sung-tzu. The guardian Angel of Huan Ti swings her long sword at the Angel of Chih Sung-tzu. The guardian Angel of Huan Ti hits the Angel of Chih Sung-tzu. The guardian Angel of Huan Ti misses the Angel of Chih Sung-tzu. The Angel of Chih Sung-tzu swings her long sword at the guardian Angel of Huan Ti. The Angel of Chih Sung-tzu hits the guardian Angel of Huan Ti. The Angel of Chih Sung-tzu swings her long sword at the guardian Angel of Huan Ti. The Angel of Chih Sung-tzu hits the guardian Angel of Huan Ti. The Angel of Chih Sung-tzu hits the guardian Angel of Huan Ti. "I should fart in thy direction, but it might improve thy smell!" There is a high altar to Huan Ti (chaotic) here. What do you want to use or apply? [b-eimstx-zCEGJMPU or ?*] b q - an uncursed figurine of a salamander. The soldier ant turns to flee. The soldier ant turns to flee. The guardian Angel of Huan Ti swings her long sword at it. The guardian Angel of Huan Ti hits it. The guardian Angel of Huan Ti swings her long sword at it. The guardian Angel of Huan Ti hits it. The guardian Angel of Huan Ti hits it. It swings its long sword at the guardian Angel of Huan Ti. It hits the guardian Angel of Huan Ti. It swings its long sword at the guardian Angel of Huan Ti. It hits the guardian Angel of Huan Ti. It hits the guardian Angel of Huan Ti. What do you want to use or apply? [b-eimqstx-zCEGJMPU or ?*] q In what direction? 9 You set the figurine beside you and it transforms. The giant beetle turns to flee. The giant beetle turns to flee. The guardian Angel of Huan Ti swings her long sword at it. The guardian Angel of Huan Ti hits it. The guardian Angel of Huan Ti swings her long sword at it. The guardian Angel of Huan Ti hits it. What do you want to drink? [f or ?*] f You feel completely healed. What do you want to sacrifice? [r or ?*] r You offer the Amulet of Yendor to Huan Ti... An invisible choir sings, and you are bathed in radiance... The voice of Huan Ti rings out: "Mortal, thou hast done well!" "In return for thy service, I grant thee the gift of Immortality!" You ascend to the status of Demigod... Do you want your possessions identified? [ynq] (y) y Do you want to see your attributes? [ynq] (y) y Do you want an account of creatures vanquished? [ynaq] (y) y Do you want a list of species genocided and extinct? [ynq] (y) y Do you want to see your conduct and achievements? [ynq] (y) y Do you want to see the dungeon overview? [ynq] (y) y Major events: Turn 1: Anerag the chaotic male human Monk entered the dungeon 942: attained the rank of Novice (level 3) 1583: attained the rank of Initiate (level 6) 2349: entered Sokoban 2676: completed sokoban 1 3258: completed sokoban 2 3616: completed sokoban 3 4383: completed sokoban 4 4676: entered the Gnomish Mines 5475: reached Mine Town 6328: attained the rank of Student of Stones (level 10) 6362: acquired the Sokoban bag of holding 6998: entered the Bigroom 8839: acquired the Mines' End luckstone 13485: performed his first genocide (shocking spheres) 13766: bestowed with Orcrist by Huan Ti 14552: killed Medusa 14592: attained the rank of Student of Waters (level 14) 15870: entered Gehennom 18318: bestowed with Dragonbane by Huan Ti 18351: chosen to take lives for the Glory of Huan Ti 18351: bestowed with spellbook of restore ability 18473: made his first wish - "blessed greased fixed +2 gauntlets of dexterity" 18533: genocided class L 18534: genocided class R 22228: killed Juiblex 22990: killed the invisible Dispater 24077: killed Baalzebub 25363: killed Yeenoghu 26107: destroyed Vlad the Impaler 26108: acquired the Candelabrum of Invocation 26633: attained the rank of Student of Metals (level 18) 27063: killed Orcus 33670: killed Master Kaen 33670: found the Eyes of the Overworld carried by a monster 33672: acquired the Bell of Opening 34135: wished for "blessed greased fixed +2 t-shirt" 34181: genocided class ; 34200: attained the rank of Student of Winds (level 22) 35709: killed the Wizard of Yendor 35711: acquired the Book of the Dead 35817: performed the invocation 36333: killed the invisible high priest of Moloch 36334: acquired The Amulet of Yendor 36590: killed the Wizard of Yendor (2nd time) 36593: killed the Wizard of Yendor (3rd time) 37130: killed Asmodeus 37482: killed the Wizard of Yendor (5th time) 38317: attained the rank of Student of Fire (level 26) 38318: entered the Elemental Planes 38318: entered Plane of Earth 38365: entered Plane of Air 38430: entered Plane of Fire 38458: entered Plane of Water 38656: entered the Astral Plane 38671: killed Famine 38710: ascended Inventory: Amulets H - an uncursed amulet of life saving g - an uncursed amulet of reflection (being worn) Armor R - an uncursed greased rustproof +4 helm of brilliance (being worn) h - a blessed fireproof +5 pair of gauntlets of dexterity (being worn) S - a blessed fireproof +4 pair of speed boots (being worn) B - a blessed fireproof +5 cloak of protection (being worn) X - a blessed greased fireproof +5 T-shirt with text "FREE PUG AND NEWT!" (being worn) D - an uncursed +4 gray dragon scale mail (being worn) Comestibles p - 2 uncursed K-rations Spellbooks M - the uncursed Book of the Dead Rings A - an uncursed ring of free action (on right hand) L - an uncursed ring of levitation N - an uncursed ring of slow digestion (on left hand) Wands e - an uncursed wand of cancellation (0:7) J - an uncursed wand of death (1:5) U - an uncursed wand of death (1:2) G - an uncursed wand of digging (0:5) c - an uncursed wand of digging (0:3) P - an uncursed wand of probing (0:6) E - an uncursed wand of teleportation (0:7) d - an uncursed wand of teleportation (0:2) Tools b - a blessed greased bag of holding containing 99 items i - an uncursed bugle y - the uncursed Bell of Opening (0:2) C - the uncursed Candelabrum of Invocation (7 of 7 candles attached) z - the blessed Eyes of the Overworld (being worn) m - an uncursed skeleton key s - a blessed stethoscope t - an uncursed towel x - a blessed +0 unicorn horn Gems/Stones O - a blessed luckstone Contents of the bag of holding: 8476 gold pieces a blessed amulet of life saving an uncursed amulet of life saving the uncursed rustproof +0 Dragonbane the uncursed fireproof +0 Orcrist an uncursed +0 helm of opposite alignment an uncursed +0 shield of reflection a blessed +3 mummy wrapping 16 uncursed K-rations 4 uncursed lembas wafers 24 uncursed lumps of royal jelly an uncursed sprig of wolfsbane 2 uncursed lizard corpses 7 blessed scrolls of blank paper 29 uncursed scrolls of blank paper 2 cursed scrolls of blank paper 5 uncursed scrolls of earth 2 blessed scrolls of identify an uncursed scroll of identify an uncursed scroll of identify 3 blessed scrolls of remove curse 3 uncursed scrolls of scare monster a blessed scroll of taming 2 uncursed scrolls of taming 3 uncursed scrolls of teleportation 4 cursed scrolls of teleportation 3 uncursed potions of booze an uncursed potion of full healing 3 uncursed potions of full healing a blessed potion of gain energy an uncursed potion of paralysis 18 potions of holy water an uncursed ring of aggravate monster an uncursed ring of free action an uncursed ring of free action an uncursed ring of free action an uncursed ring of polymorph an uncursed ring of polymorph control an uncursed ring of protection from shape changers an uncursed ring of regeneration an uncursed ring of slow digestion an uncursed ring of sustain ability an uncursed ring of teleport control an uncursed ring of teleport control an uncursed ring of teleportation an uncursed ring of teleportation an uncursed wand of cold (0:6) an uncursed wand of create monster (0:13) a blessed wand of digging (0:8) an uncursed wand of digging (0:8) an uncursed wand of digging (0:6) an uncursed wand of digging (0:6) an uncursed wand of digging (0:6) an uncursed wand of digging (0:6) an uncursed wand of digging (0:5) an uncursed wand of digging (0:4) an uncursed wand of digging (0:3) an uncursed wand of enlightenment (0:9) a blessed wand of fire (0:5) an uncursed wand of fire (0:6) an uncursed wand of fire (0:5) an uncursed wand of probing (0:3) an uncursed wand of secret door detection (0:9) an uncursed wand of sleep (0:7) an uncursed wand of sleep (0:7) an uncursed wand of sleep (0:6) an uncursed wand of striking (0:5) an uncursed wand of striking (0:4) an uncursed wand of striking (0:4) an uncursed wand of wishing (1:2) an uncursed magic flute (0:4) an uncursed brass lantern an uncursed can of grease (0:11) an uncursed magic lamp an uncursed magic marker (1:26) an uncursed magic whistle an uncursed oil lamp a cursed oil lamp 3 uncursed agate stones 6 uncursed amber stones 3 uncursed amethyst stones 4 uncursed aquamarine stones an uncursed black opal 4 uncursed chrysoberyl stones 2 uncursed diamonds 6 uncursed dilithium crystals 9 uncursed emeralds 4 uncursed garnet stones an uncursed jacinth stone 3 uncursed jade stones 6 uncursed jasper stones 8 uncursed jet stones 2 uncursed obsidian stones 2 uncursed opals 5 uncursed rubies 4 uncursed sapphires 3 uncursed topaz stones 10 uncursed turquoise stones an uncursed touchstone Anerag the Monk's attributes: Background: You were a Student of Fire, a level 26 male human Monk. You were chaotic, on a mission for Huan Ti who was opposed by Shan Lai Ching (lawful) and Chih Sung-tzu (neutral). You were in the endgame, on the Astral Plane. You entered the dungeon 38710 turns ago. You had 60014050 experience points, 9985950 more were needed for level 27. Basics: You had all 196 hit points. You had 129 out of 153 energy points (spell power). Your armor class was -39. Your wallet was empty. Autopickup was on for '$' plus thrown. Final Characteristics: Your strength was 18/07 (limit:18/100). Your dexterity was 23 (base:18, innate limit:18). Your constitution was 18 (limit:18). Your intelligence was 22 (base:18, innate limit:18). Your wisdom was 22 (base:18, innate limit:18). Your charisma was 12 (limit:18). Final Status: You were satiated. You were unencumbered. You were empty handed. You had grand master skill with martial arts. You had a huge penalty to hit (-20) due to your dragon mail. Final Attributes: You were the Glory of Arioch. You were piously aligned. You were magic-protected. You were fire resistant. You were cold resistant. You were sleep resistant. You were shock resistant. You were poison resistant. You saw invisible. You were telepathic. You were warned. You had automatic searching. You were invisible to others. You were stealthy. You had teleport control. You had slower digestion. You had a moderate defense bonus (+7). You were protected. You were very fast. You had reflection. You had free action. You were extremely lucky. You had extra luck. Good luck did not time out for you. You survived. Miscellaneous: You disabled loading of bones levels. Total elapsed playing time was 10 hours, 50 minutes and 44 seconds. Vanquished creatures: Asmodeus Baalzebub Dispater Orcus Yeenoghu Juiblex the Wizard of Yendor (7 times) Famine Vlad the Impaler a high cleric Master Kaen 2 mastodons Medusa 8 krakens 3 iron golems a storm giant 2 titans 3 glass golems 2 balrogs 7 purple worms 2 gray dragons 3 silver dragons 5 red dragons 6 white dragons 6 orange dragons 4 black dragons 3 blue dragons 6 green dragons 2 yellow dragons 17 minotaurs 4 jabberwocks 8 baluchitheria 2 Angels a demilich 6 stone golems 10 Olog-hai 3 Nazgul 5 pit fiends 2 sandestins 4 hell hounds 8 displacer beasts 7 titanotheres 6 trappers 2 baby gray dragons a baby silver dragon 5 guardian nagas 7 genetic engineers 30 vampire leaders 5 skeletons 9 aligned clerics 11 captains 4 shades 4 liches a clay golem 12 nurses 8 ice devils 7 nalfeshnees 9 lurkers above 8 ettins 2 golden nagas 30 vampires 12 lieutenants 40 ghosts 3 queen bees 3 winged gargoyles 8 mind flayers 16 giant mimics 8 long worms 10 zruties 10 fire giants 2 ogre tyrants 14 ice trolls 13 rock trolls 13 umber hulks a flesh golem 3 elven monarchs 5 doppelgangers 8 hezrous 5 bone devils 16 large mimics 5 wumpuses 2 fire vortices 14 stalkers 7 air elementals 13 fire elementals 57 earth elementals 13 water elementals 3 hill giants 6 giant mummies a black naga 38 xorns 25 giant zombies 3 elf-nobles 22 sergeants 15 barbed devils 19 vrocks 6 salamanders 20 wargs 3 winter wolves 11 hell hound pups 26 small mimics 5 glass piercers 9 warhorses 6 steam vortices 13 xans 6 ettin mummies an ogre leader 20 quantum mechanics 55 trolls 5 wood golems 3 erinyes 7 mariliths 4 sharks 6 electric eels 7 gelatinous cubes 2 pyrolisks 5 large dogs 3 freezing spheres 9 flaming spheres a shocking sphere 6 large cats 6 tigers 14 gargoyles 6 tengu 5 ochre jellies 10 leocrottas 5 energy vortices 4 mountain centaurs 4 elf mummies 3 human mummies 4 red nagas 2 green slimes 4 pythons 5 pit vipers 21 cobras 51 wraiths 10 carnivorous apes 23 ettin zombies 8 leather golems 2 Grey-elves 79 soldiers a watchman 2 amorous demons 10 horned devils 8 chameleons 4 crocodiles 21 giant beetles 6 quivering blobs 27 cockatrices 10 wolves 11 winter wolf cubs a lynx 2 panthers 40 gremlins a spotted jelly 14 leprechauns 6 orc-captains 4 iron piercers a mumak 13 giant spiders 8 scorpions 19 horses 2 ice vortices 6 black lights 12 vampire bats 3 forest centaurs 9 gnome rulers 4 orc mummies 2 dwarf mummies 3 ogres 3 brown puddings 2 rust monsters 14 owlbears 9 yetis 2 gold golems 3 werewolves 2 Green-elves 2 piranha 10 giant eels 15 lizards 7 chickatrices 3 dingoes 3 dogs 2 housecats 4 jaguars 5 dwarf leaders 5 blue jellies 3 white unicorns 4 gray unicorns 13 dust vortices 7 ravens 4 plains centaurs 6 snakes 9 water moccasins 8 apes 27 human zombies 3 rope golems 4 Woodland-elves 26 soldier ants 37 fire ants 28 bugbears an imp 3 lemures 3 quasits 3 wood nymphs 4 water nymphs 8 Mordor orcs 3 orc shamans 5 rock piercers 2 rock moles 4 ponies 7 fog clouds 9 yellow lights 3 violet fungi 26 gnome leaders 7 gnomish wizards a kobold mummy a black naga hatchling a golden naga hatchling 4 gray oozes 4 barrow wights 16 elf zombies 11 ghouls a paper golem 5 jellyfish 25 giant ants 2 little dogs 8 floating eyes a kitten 29 dwarves a homunculus a kobold leader 2 kobold shamans 28 hill orcs 15 rothes a centipede 4 giant bats a monkey 9 orc zombies 20 dwarf zombies 2 wererats a werejackal 9 iguanas 120 killer bees 4 acid blobs a coyote a gas spore 6 hobbits 4 large kobolds 20 hobgoblins a giant rat 8 cave spiders a brown mold 5 yellow molds 2 green molds 2 red molds 74 gnomes 3 garter snakes 7 gnome zombies 4 geckos 7 jackals 3 foxes 6 kobolds 6 goblins 3 sewer rats 9 grid bugs 2 bats 7 lichens 16 kobold zombies 5 newts 2397 creatures vanquished. Genocided or extinct species: killer bees (extinct) shocking spheres liches demiliches master liches arch-liches rust monsters disenchanters erinyes (extinct) jellyfish piranha sharks giant eels electric eels krakens 13 species genocided. 2 species extinct. Voluntary challenges: You read items or engraved 145 times. You never engraved Elbereth. You genocided 13 types of monsters. You never polymorphed an object. You never changed form. You used 2 wishes. You did not wish for any artifacts. You did not violate any of the special Sokoban rules. Achievements: You entered a shop. You attained the rank of Novice. You attained the rank of Initiate. You entered Sokoban. You entered the Gnomish Mines. You entered Minetown. You entered a temple. You attained the rank of Student of Stones. You completed Sokoban. You entered the Big Room. You completed the Gnomish Mines. You defeated Medusa. You attained the rank of Student of Waters. You entered Gehennom. You learned the tune to open and close the Castle's drawbridge. You had the Candelabrum of Invocation. You attained the rank of Student of Metals. You had the Bell of Opening. You attained the rank of Student of Winds. You had the Book of the Dead. You gained access to Moloch's Sanctum. You attained the rank of Student of Fire. You reached the Elemental Planes. You reached the Astral Plane. You delivered the Amulet of Yendor. You ascended! The Elemental Planes: Astral Plane: <- You are here. A temple to Huan Ti. Plane of Water: Plane of Fire: Plane of Air: Plane of Earth: The Dungeons of Doom: levels 1 to 28 Level 1: A fountain, a grave. One way stairs up to The Elemental Planes. Level 2: A general store, a sink. Level 3: Many fountains, a sink, a grave. Stairs down to The Gnomish Mines. Level 4: A general store. Level 5: Many fountains. Oracle of Delphi. Level 6: A fountain. Stairs up to Sokoban, level 5. Level 7: Level 8: A fountain. Level 9: A general store. Level 10: Many fountains. A very big room. Level 11: A temple, a fountain, some graves. Level 12: A fountain. Portal to The Quest. Level 13: Level 14: A general store, a sink. Level 15: An altar to Huan Ti, a sink. Level 16: A primitive area. Level 17: Level 18: Level 19: A weapon shop. Level 20: Level 21: Level 22: A fountain, a grave. Level 23: A potion shop, an altar to Huan Ti, a fountain. Level 24: Level 25: Level 26: Level 27: Level 28: A fountain. The castle (play notes "CFAAF" to open or close drawbridge). Connection to Gehennom. Gehennom: levels 29 to 48 Level 29: "stash" A temple, many graves. Valley of the Dead. Level 30: Level 31: Level 32: Level 33: Level 34: A fountain. Level 35: Level 36: Level 37: Level 38: Level 39: Stairs up to Vlad's Tower, level 38. Level 40: Some shops, an altar, some graves. Level 41: Level 42: Level 43: Level 44: Level 45: Level 46: Level 47: Level 48: A temple, many graves. Moloch's Sanctum. The Gnomish Mines: levels 4 to 12 Level 4: Level 5: Level 6: Level 7: Many shops, a temple to Huan Ti, many fountains. Level 8: Level 9: Level 10: Level 11: Level 12: The Quest: levels 1 to 5 Level 1: A temple, many trees. Completed quest for the Grand Master. Level 2: Level 3: Level 4: Level 5: An altar. Sokoban: levels 5 up to 2 Level 2: Solved. Level 3: Solved. Level 4: Solved. Level 5: "stash" Solved. Vlad's Tower: levels 38 up to 36 Level 36: Level 37: Level 38: Goodbye Anerag the Demigod... You went to your reward with 3316042 points, Orcrist (worth 2000 zorkmids and 5000 points) Dragonbane (worth 500 zorkmids and 1250 points) The Bell of Opening (worth 5000 zorkmids and 12500 points) The Eyes of the Overworld (worth 2500 zorkmids and 6250 points) The Candelabrum of Invocation (worth 5000 zorkmids and 12500 points) The Book of the Dead (worth 10000 zorkmids and 25000 points) 10 turquoise stones (worth 20000 zorkmids), 9 emeralds (worth 22500 zorkmids), 8 jet stones (worth 6800 zorkmids), 6 dilithium crystals (worth 27000 zorkmids), 6 amber stones (worth 6000 zorkmids), 6 jasper stones (worth 3000 zorkmids), 5 rubies (worth 17500 zorkmids), 4 sapphires (worth 12000 zorkmids), 4 aquamarine stones (worth 6000 zorkmids), 4 chrysoberyl stones (worth 2800 zorkmids), 4 garnet stones (worth 2800 zorkmids), 3 topaz stones (worth 2700 zorkmids), 3 amethyst stones (worth 1800 zorkmids), 3 agate stones (worth 600 zorkmids), 3 jade stones (worth 900 zorkmids), 2 diamonds (worth 8000 zorkmids), 2 opals (worth 1600 zorkmids), 2 obsidian stones (worth 400 zorkmids), 1 jacinth stone (worth 3250 zorkmids), 1 black opal (worth 2500 zorkmids), 3 amulets of life saving (worth 450 zorkmids), 1 amulet of reflection (worth 150 zorkmids), and 8476 pieces of gold, after 38710 moves. You were level 26 with a maximum of 196 hit points when you ascended.